Unix NetHack Version 5.0.0-0 post-release - last build May  3 2026 23:40:34 (9823c992c0763bbd039eca2974112f46eaf799b3,branch:main).

Game began 2026-05-04 08:47:27, ended 2026-05-04 09:14:19.

2459783kj, lawful male human Samurai

                                                            -------
                                                      -------.--..|
                                    --                |...........|
                                -- --.             -- |..........--       ----
                              ---.--.. --          .| ----......--     ----..|
                              ........ .----  -- -..--  ---...---   ----.....|
                               .......`....---.--....-  |...---    --....-----
                                ....................    |.--------|`..|..|
                                 ..................     |.|--.--..|.--|..|
                                   ..............      --.||........| |.--
                                    ...........      ---..||.......-|--.|----
                                     .)......        |...-||-.......|-..|-..|
                                 --  -......-        |....--........|..--...--
                                 -. --.....-         --..........---|%-|.....|
                                 .....%....|          --.........|---.|--....--
                                   ---....--           --........-|...| |..<..|
                                 -.....=...--------------.........|...----....|
                                 ------...@..........................)..--..---
                                      |.....--------------............`....--
                                      ---.---            ---..--------------
                                        ---                ----
2459783kj the Ronin    St:16 Dx:17 Co:18 In:10 Wi:11 Ch:7  Lawful
Dlvl:5  $:44 HP:0(41) Pw:17(17) AC:4  Xp:4 T:1580  FoodPois Hungry  

Latest messages:
 t - 12 arrows.
 u - a bow.
 You kill the gnome!
 v - 8 darts.
 You have trouble lifting a gnome corpse.  Continue? [ynq] (q) n
 With great effort you move the boulder.
 You try to move the boulder, but in vain.
 You try to move the boulder, but in vain.
 The gnome hits!
 The gnome hits!
 You kill the gnome!
 You see here 7 candles.
 You see here 7 candles.
 w - 7 candles.
 You hit the iguana!
 The iguana misses!
 You kill the iguana!
 You hear a nearby zap.
 You swap places with the peaceful dwarf.
 You swap places with the peaceful dwarf.
 You swap places with the peaceful dwarf.
 You see here an arrow.
 You kill the grid bug!
 You are beginning to feel hungry.
 x - an aklys.
 You have trouble lifting a gnome lord corpse.  Continue? [ynq] (q) y
 You have trouble lifting y - a gnome lord corpse.
 You rebalance your load.  Movement is difficult.
 What do you want to eat? [ny or ?*] ?
 Ulch - that meat was tainted!
 You feel deathly sick.
 (It must have died too long ago to be safe to eat.)
 Your movements are now unencumbered.
 What do you want to eat? [n or ?*] ?
 What do you want to eat? [n or ?*] n
 Blecch!  Rotten food!
 The world spins and goes dark.
 Your sickness feels worse.
 You are conscious again.
 You kill the newt!
 Welcome to experience level 4.
 Your sickness is severe.
 You see here a shiny ring.
 You are at Death's door.
 You die from your illness.
 Do you want your possessions identified? [ynq] (y) n
 Do you want to see your attributes? [ynq] (y) n
 Do you want an account of creatures vanquished? [ynaq] (y) n
 Do you want to see your conduct and achievements? [ynq] (y) n
 Do you want to see the dungeon overview? [ynq] (y) n

Inventory:
 Coins    ('$')
  $ - 44 gold pieces
 Weapons  (')')
  t - 12 +0 arrows
  d - 37 +0 ya (in quiver)
  u - a +0 bow
  c - a +0 yumi
  h - a +0 boomerang
  m - 12 blessed +0 darts
  v - 8 +0 darts
  x - a +0 aklys
  f - a cursed +0 axe
  a - a +0 katana (weapon in right hand)
  l - a +0 silver saber
  b - a +0 wakizashi (alternate weapon; not wielded)
 Armor    ('[')
  k - an uncursed +0 dwarvish cloak
  e - an uncursed rustproof +0 splint mail (being worn)
 Comestibles  ('%')
  n - a cursed partly eaten slime mold
 Rings    ('=')
  j - an uncursed ring of slow digestion
 Tools    ('(')
  w - 7 uncursed tallow candles
 Gems/Stones  ('*')
  s - an uncursed worthless piece of black glass

2459783kj the Samurai's attributes:

Background:
 You were a Ronin, a level 4 male human Samurai.
 You were lawful, nominally on a mission for Amaterasu Omikami
 who was opposed by Raijin (neutral) and Susanowo (chaotic).
 You were right-handed.
 You were in the Gnomish Mines, on level 5.
 You entered the dungeon 1580 turns ago.
 There was a full moon in effect when your adventure ended.
 You had 80 experience points, 80 more were needed to attain level 5.

Basics:
 You had 0 out of 41 hit points.
 You had all 17 energy points (spell power).
 Your armor class was 4.
 Your wallet contained 44 zorkmids.
 Autopickup was off.

Final Characteristics:
 Your strength was 16 (limit:18/100).
 Your dexterity was 17 (limit:18).
 Your constitution was 18 (limit:18).
 Your intelligence was 10 (limit:18).
 Your wisdom was 11 (limit:18).
 Your charisma was 7 (limit:18).

Final Status:
 You died from food poisoning.
 You were hungry.
 You were unencumbered.
 You were wielding a long sword.
 You had basic skill with long sword.

Final Attributes:
 You were devoutly aligned.
 You were warded.
 You were fast.
 You were lucky.
 You are dead.

Miscellaneous:
 You didn't encounter any bones levels.
 Total elapsed playing time was 26 minutes and 51 seconds.

Major events:
 Turn
    1: 2459783kj the lawful male human Samurai entered the dungeon
  840: attained the rank of Ronin (level 3)
 1311: entered the Gnomish Mines
 1580: poisoned by a rotted gnome lord corpse

You didn't know any spells.

Skills:
 Fighting Skills
   martial arts      [Basic]
   two weapon combat [Unskilled]
   riding            [Unskilled]
 Weapon Skills
   dagger            [Unskilled]
   knife             [Unskilled]
   short sword       [Basic]
   broadsword        [Unskilled]
   long sword        [Basic]
   two-handed sword  [Unskilled]
   saber             [Unskilled]
   flail             [Unskilled]
   quarterstaff      [Unskilled]
   polearms          [Unskilled]
   spear             [Unskilled]
   lance             [Unskilled]
   bow               [Basic]
   shuriken          [Unskilled]
 Spellcasting Skills
   attack spells     [Unskilled]
   divination spells [Unskilled]
   clerical spells   [Unskilled]

Voluntary challenges:
 Character rerolling was not enabled.
 You were an atheist.
 You were illiterate.
 You never genocided any monsters.
 You never polymorphed an object.
 You never changed form.
 You used no wishes.
Achievements:
 You attained the rank of Ronin.
 You entered a shop.
 You entered the Gnomish Mines.

 The Dungeons of Doom: levels 1 to 4
    Level 1:
    Level 2:
    Level 3:
       A fountain.
    Level 4:
       A general store.
       Stairs down to The Gnomish Mines.
 The Gnomish Mines:
    Level 5: <- You were here.
       Final resting place for
          you, poisoned by a rotted gnome lord corpse.


Vanquished creatures:
  a gnome leader
  a homunculus
 an iguana
  a gas spore
  a hobbit
  a giant rat
  a yellow mold
  7 gnomes
  2 geckos
  3 jackals
  a fox
  2 sewer rats
  4 grid bugs
  4 lichens
  6 newts
36 creatures vanquished.

No species were genocided or became extinct.

Game over:
                       ----------
                      /          \
                     /    REST    \
                    /      IN      \
                   /     PEACE      \
                  /                  \
                  |    2459783kj     |
                  |      44 Au       |
                  |  poisoned by a   |
                  |   rotted gnome   |
                  |   lord corpse    |
                  |                  |
                  |       2026       |
                 *|     *  *  *      | *
        _________)/\\_//(\/(/\)/\//\/|_)_______

Sayonara 2459783kj the Samurai...

You were poisoned in The Gnomish Mines on dungeon level 5 with 560 points,
and 44 pieces of gold, after 1580 moves.
You were level 4 with a maximum of 41 hit points when you were poisoned.

